 Dungeon Crawl Stone Soup version 0.31-a0-66-ge618eeaa78 (webtiles) character file.

Game seed: 2647464980171447482

32 mopl the Insei (level 3, -2/27 HPs)
             Began as a Djinni Transmuter on May 22, 2023.
             Slain by a goblin
             ... wielding a +0 dagger
              (3 damage)
             ... on level 2 of the Dungeon.
             The game lasted 00:01:42 (800 turns).

mopl the Insei (Djinni Transmuter)                   Turns: 800, Time: 00:01:42

Health: -2/27      AC:  2    Str: 11    XL:     3   Next: 45%
Gold:   78         EV: 19    Int: 14    God:
                   SH:  0    Dex: 18

rFire   . .          .
                       - Unarmed
rCold   . . .        (shield currently unavailable)
rNeg    . . .        a - melded +0 robe
rPois   ∞            (helmet currently unavailable)
rElec   .            (cloak currently unavailable)
rCorr   .            (gloves currently unavailable)
SInv    .            (boots unavailable)
Will    .....        (no amulet)
Stlth   +            (no ring)
HPRegen 0.24/turn    (no ring)
MPRegen 0.00/turn

%: infuse magic (-3 HP)
@: confused, spider-form (expiring), flying
A: venomous fangs, flying, sickness immunity, tiny, (fire resistance 2), (cold
vulnerability 1), float, innate caster, HP casting, extra vitality 1
a: End Transformation


You were on level 2 of the Dungeon.
You were a venomous arachnid creature.
You visited 1 branch of the dungeon, and saw 2 of its levels.

You collected 78 gold pieces.

Inventory:

Hand Weapons
 b - a +0 sling
Missiles
 f - 6 boomerangs
Armour
 a - a +0 robe (melded)
Scrolls
 e - a scroll of vulnerability {unknown}
 g - a scroll of identify {unknown}
 h - a scroll of teleportation {unknown}
Potions
 c - a potion of lignification {!q}
 d - a potion of attraction {unknown}


   Skills:
 - Level 1.0 Fighting
 - Level 2.1 Dodging
 + Level 3.6 Unarmed Combat
 + Level 2.7 Spellcasting
 + Level 2.7 Conjurations
 + Level 2.7 Hexes
   Level 0.0 Charms
 + Level 2.7 Summonings
 + Level 2.7 Necromancy
 + Level 2.7 Translocations
 + Level 2.7 Transmutations
 + Level 2.7 Fire Magic
 + Level 2.7 Ice Magic
 + Level 2.7 Air Magic
 + Level 2.7 Earth Magic
 + Level 2.7 Poison Magic


You knew the following spells:

 Your Spells              Type           Power      Damage    Failure   Level
a - Beastly Appendage     Tmut           18%        N/A       21%         1
b - Spider Form           Tmut/Pois      8%         N/A       47%         3
c - Sting                 Tmut/Pois      32%        1d4       22%         1
d - Ice Form              Ice/Tmut       8%         N/A       82%         4
w - Wereblood             Tmut           9%         N/A       26%         2
Your spell library was empty.

Dungeon Overview and Level Annotations

Branches:
Dungeon (2/15)

Altars:

Annotations:
D:1 dig
D:2 1 runed translucent door, Crazy Yiuf, Sigmund


Innate Abilities, Weirdness & Mutations

You are a venomous arachnid creature.
You have venomous fangs.
You are tiny and dextrous.
You are flying.
Your spellcasting is less reliable in this form.
Your armour is entirely melded.
You are incapable of wielding weapons or throwing items.
You are immune to sickness and miasma.
You are immune to poison.
((Your flesh is very heat resistant. (rF++)))
((You are vulnerable to cold. (rC-)))
You float through the air rather than walking.
You learn spells naturally, not from books.
Your magical power is your life essence.
You have superior vitality. (+4 MHP)


Message History

You barely miss Sigmund.
Sigmund is lightly wounded.
Sigmund completely misses you.
You hit Sigmund.
Sigmund is lightly wounded.
The goblin hits you with a +0 dagger.
You hit Sigmund but do no damage.
Sigmund is moderately wounded.
Sigmund barely misses you. The goblin barely misses you.
You barely miss Sigmund.
Sigmund is moderately wounded.
The goblin misses you. Sigmund looks at you with fury. Sigmund misses you.
You hit Sigmund.
Sigmund looks as sick as possible!
Sigmund is moderately wounded.
The goblin closely misses you.
You hit Sigmund.
Sigmund looks as sick as possible!
Sigmund is heavily wounded.
Your transformation is almost over.
Sigmund gestures at you while chanting.
You are confused.
The goblin misses you.
You hit Sigmund.
Sigmund looks as sick as possible!
Sigmund is severely wounded.
The goblin closely misses you.
Sigmund points at you and mumbles some strange words.
The puff of flame hits you!
You hit Sigmund but do no damage.
Sigmund looks as sick as possible!
Sigmund is severely wounded.
The goblin closely misses you.
Sigmund casts a spell.
Sigmund flickers and vanishes!
Deactivating autopickup; reactivate with Ctrl-A.
Something hits you.
You hit something but do no damage. The goblin hits you with a +0 dagger.
You barely miss something. Something hits you!
* * * LOW HITPOINT WARNING * * *
The goblin hits you with a +0 dagger.
You die...

....
#>..##.....#####..###.###.#
....#####.###...##
#..###..##.# ......#...#
##..######..........#
...#..#.###
#.........#####.####
........# #.######### #.#
).....### ##'## #.#
#......# ##...## #.#
#####..# ##...g.## #.#
.......# #....{s.## #.#
###....###........?# #.#
.........+.........+ #.#
###....###.........# #.#
##.#.# ##.......## ##.#
###.#####...).## #..#
#.....####...## #.##
##.....#+# #.# #####.#.#
#.#


You could see a goblin.

Vanquished Creatures
  An adder (D:2)
  A dart slug (D:1)
  3 ball pythons (D:1)
  5 bats
  An endoplasm (D:1)
  2 hobgoblins (D:1)
  A kobold (D:1)
  3 quokkas (D:2)
  2 frilled lizards (D:1)
  A rat (D:1)
20 creatures vanquished.

Notes
Turn   | Place    | Note
-------+----------+-------------------------------------------
     0 | D:1      | mopl the Djinni Transmuter began the quest for the Orb.
     0 | D:1      | mopl set off with the following spells memorised: Beastly
                  | Appendage, Wereblood, Spider Form, Ice Form.
     0 | D:1      | Reached XP level 1. HP: 17/17 MP: 0/0
    49 | D:1      | Reached XP level 2. HP: 20/22 MP: 0/0
   459 | D:2      | Reached XP level 3. HP: 27/27 MP: 0/0
   459 | D:2      | Learned a level 1 spell: Sting
   521 | D:2      | Found a runed translucent door.
   522 | D:2      | Noticed Crazy Yiuf
   711 | D:2      | Noticed Sigmund
   800 | D:2      | HP: 1/27 [something (9)]
   800 | D:2      | Slain by a goblin

Illustrated notes

Levels and vault maps discovered:
D:1:      dpeg_arrival_stone_temple_mockup, layout_rooms, due_unseen_surprise
D:2:      layout_loops_corners, minmay_pentomino_o4, uniq_sigmund,
          uniq_crazy_yiuf_cottage

Action                     || total
---------------------------++-------
  Melee: Unarmed           ||    46
         Headbutt          ||     4
         Punch             ||     1
   Fire: Sling             ||    18
   Cast: Beastly Appendage ||    10
         Spider Form       ||     1
   Stab: Sleeping          ||     1
 Armour: Robe              ||    11
  Dodge: Dodged            ||    29

Table legend: (Time is in decaauts)
 A = Elapsed time spent in this place.
 B = Non-inter-level travel time spent in this place.
 C = Inter-level travel time spent in this place.
 D = Time resting spent in this place.
 E = Time spent auto-exploring this place.
 F = Levels seen in this place.
 G = Mean time per level.
                   A        B        C        D        E       F      G
               +--------+--------+--------+--------+--------+-----+--------+
         Total |    800 |    764 |     36 |     10 |    544 |   2 |  400.0 |
       Dungeon |    800 |    764 |     36 |     10 |    544 |   2 |  400.0 |
               +--------+--------+--------+--------+--------+-----+--------+

Top non-repeatable levels by time:
     D:2: 423 daAuts
     D:1: 376 daAuts
